 Dungeon Crawl Stone Soup version 0.18.1-48-g4cf74bf (webtiles) character file.

128 Alarkh the Insei (level 4, 0/33 HPs)
             Began as a Vampire Skald on July 18, 2016.
             Was an Initiate of Pakellas.
             Slain by a gnoll
             ... wielding a +0 spear
              (3 damage)
             ... on level 3 of the Dungeon.
             The game lasted 00:03:45 (1301 turns).

Alarkh the Insei (Vampire Skald)                    Turns: 1301, Time: 00:03:46

Health: 0/33       AC:  3    Str: 11    XL:     4   Next: 86%
Magic:  0/7        EV: 11    Int: 15    God:    Pakellas [......]
Gold:   102        SH:  0    Dex: 13    Spells: 3 memorised, 1 level left

rFire  . . .     SeeInvis +       - Unarmed
rCold  . . .     Gourm    .     a - +0 leather armour
rNeg   . . .     Faith    .     (no shield)
rPois  +         Spirit   .     (no helmet)
rElec  .         Dismiss  .     (no cloak)
rCorr  .         Reflect  .     (no gloves)
SustAt .         Harm     .     (no boots)
MR     .....                    n - amulet of rage
Stlth  +.........               (no ring)
                                j - ring of poison resistance

@: regenerating very quickly, not resistant to hostile enchantments, very
unstealthy
A: fangs 3, see invisible, unbreathing
a: Renounce Religion, Evoke Berserk Rage


You were on level 3 of the Dungeon.
You worshipped Pakellas.
Pakellas was noncommittal.
You were almost alive.

You visited 1 branch of the dungeon, and saw 3 of its levels.

You collected 102 gold pieces.

Inventory:

Armour
 a - a +0 leather armour (worn)
Jewellery
 j - a ring of poison resistance (left hand)
 n - an amulet of rage (around neck)
Scrolls
 e - a scroll of amnesia {unknown}
 f - a scroll of fog {unknown}
 i - 2 scrolls of random uselessness {unknown}
 k - 3 scrolls of identify {unknown}
 m - 2 scrolls of blinking {unknown}
 o - 2 scrolls of immolation {unknown}
 q - a scroll of teleportation {unknown}
 r - a scroll of remove curse {unknown}
Potions
 c - 4 potions of blood
 d - a potion of brilliance {unknown}
 g - a potion of ambrosia {unknown}
 h - 2 potions of curing {unknown}
 l - a potion of berserk rage {unknown}
 p - a potion of degeneration {unknown}
Books
 b - a book of Battle

   Spells                             Type                      Level
   a - Infusion                       Charms                       1
   b - Shroud of Golubria             Charms/Translocation         2
   c - Song of Slaying                Charms                       2
   d - Spectral Weapon                Hexes/Charms                 3
   e - Regeneration                   Charms/Necromancy            3


   Skills:
 - Level 1.7 Fighting
 - Level 0.7 Armour
 - Level 1.1 Dodging
 * Level 5.6 Unarmed Combat
 - Level 2.0 Spellcasting
 - Level 3.2 Charms


You had one spell level left.
You knew the following spells:

 Your Spells              Type           Power        Failure   Level  Hunger
a - Infusion              Chrm           ##..         10%         1    #......
b - Shroud of Golubria    Chrm/Tloc      #.........   24%         2    ###....
c - Regeneration          Chrm/Necr      #.........   47%         3    ###....


Dungeon Overview and Level Annotations

Branches:
Dungeon (3/15)

Altars:
Pakellas


Innate Abilities, Weirdness & Mutations

Your natural rate of healing is extremely fast.
You have razor-sharp teeth.
You have supernaturally acute eyesight.
You can survive without breathing.


Message History

Drink which item? (? for menu, Esc to quit)
You are much too full right now.
You hit the gnoll.
The gnoll is lightly wounded.
The gnoll closely misses you.
You hit the gnoll but do no damage.
The gnoll is lightly wounded.
The gnoll misses you.
You barely miss the gnoll.
The gnoll is lightly wounded.
The gnoll hits you with a spear.
* * * LOW HITPOINT WARNING * * *
You hit the gnoll.
The gnoll is heavily wounded.
The gnoll hits you with a spear.
* * * LOW HITPOINT WARNING * * *
You are no longer magically infusing your attacks.
The gnoll hits you from afar with a spear.
You die...
Pakellas says: Time to start the next experiment...

##.##.......##.##.#
##.##.......##.##.#
##.##.......##..#.#
##.##.......###.#.#
##.#######+## #.#.#
##.........## #...# ##+##
#########...####..# #...#
..................# #...+
....###########.@.# #...#
.....#.......#..#.###...#
......#.._..#.g##...#...#####
.....#########..g..()).......
........#.#....##....(.##.###
.........#....###..⌠...#
....####...####
#.....###+#### ....# #####
#.....#....... ....#
####.##.......


You could see a gnoll.

Vanquished Creatures
  Jessica (D:2)
  2 gnolls (D:3)
  3 adders
  2 oozes
  2 dart slugs
  4 giant geckos
  3 giant cockroaches
  3 goblins
  6 hobgoblins
  4 kobolds
  2 quokkas
  6 bats (D:2)
  5 rats
43 creatures vanquished.

Notes
Turn   | Place    | Note
--------------------------------------------------------------
     0 | D:1      | Alarkh the Vampire Skald began the quest for the Orb.
     0 | D:1      | Reached XP level 1. HP: 16/16 MP: 3/3
   305 | D:1      | Reached skill level 3 in Unarmed Combat
   343 | D:1      | Reached XP level 2. HP: 16/22 MP: 3/5
   721 | D:2      | Reached XP level 3. HP: 24/27 MP: 0/6
   725 | D:2      | Learned a level 2 spell: Shroud of Golubria
   729 | D:2      | Learned a level 3 spell: Regeneration
   753 | D:2      | Reached skill level 4 in Unarmed Combat
   841 | D:2      | Noticed Jessica
   846 | D:2      | Killed Jessica
   861 | D:2      | Reached XP level 4. HP: 22/33 MP: 0/7
   987 | D:2      | Reached skill level 5 in Unarmed Combat
  1184 | D:3      | Found an oddly glowing altar of Pakellas.
  1255 | D:3      | Became a worshipper of Pakellas the Inventive
  1301 | D:3      | Slain by a gnoll

Skill      XL: |  1  2  3  4 |
---------------+-------------+-----
Unarmed Combat | 3 4 5 |  5.6
Fighting       | |  1.7
Armour         | |  0.7
Dodging        | |  1.1
Spellcasting   | |  2.0
Charms         | |  3.2

Action                   |  1- 3 |  4- 6 || total
-------------------------+-------+-------++-------
Melee: Unarmed           |    79 |    54 ||   133
       Bite              |     2 |     4 ||     6
       Punch             |     1 |     1 ||     2
 Cast: Infusion          |    14 |     6 ||    20
       Shroud of Golubri |       |     2 ||     2
  Use: Potion            |       |    11 ||    11
Armor: Leather armour    |    24 |    21 ||    45
Dodge: Dodged            |    42 |    53 ||    95
